 Dungeon Crawl Stone Soup version 0.31-a0-1321-g5021b54cb2 (console) character file.

Game seed: 3371794842295464567

34412 Banquo the Thaumaturge (level 14, -2/101 HPs)
             Began as a Djinni Fire Elementalist on Jan 15, 2023.
             Was a High Priest of Zin.
             Slain by a torpor snail (4 damage)
             ... on level 5 of the Lair of Beasts on Dec 20, 2023.
             The game lasted 01:02:42 (17323 turns).

Banquo the Thaumaturge (Djinni Fire Elementalist)  Turns: 17323, Time: 01:02:42

Health: -2/101     AC: 11    Str:  7    XL:     14   Next: 13%
Gold:   684        EV: 14    Int: 27    God:    Zin [*****.] SH:  5 Dex: 15

rFire   + + .        b - staff of cold
rCold   . . .        (no shield)
rNeg    + . .        d - +1 acid dragon scales
rPois   ∞            (no helmet)
rElec   .            e - +0 cloak
rCorr   +            g - +1 pair of gloves
SInv    .            (boots unavailable)
Will    +....        o - amulet of reflection
Stlth   ++           h - ring of positive energy
HPRegen 0.36/turn    q - +6 ring of intelligence
MPRegen 0.00/turn

%: reflection, infuse magic (-3 HP)
@: flying, slowed, very slow
A: sickness immunity, fire resistance 2, cold vulnerability 1, float, innate
caster, HP casting, extra vitality 1
a: Renounce Religion, Recite, Vitalisation, Imprison, Sanctuary, Donate Gold


You were on level 5 of the Lair of Beasts.
You worshipped Zin.
Zin was extremely pleased with you.
You visited 2 branches of the dungeon, and saw 14 of its levels.
You also visited: Sewer.

You collected 760 gold pieces.
You donated 76 gold pieces to Zin.

Inventory:

Hand Weapons
 a - a +3 whip of electrocution
 z - a +0 rapier
 B - a +0 trident
 E - a +0 long sword of flaming
Missiles
 L - 10 boomerangs
Armour
 d - +1 acid dragon scales (worn)
 e - a +0 cloak (worn)
 g - a +1 pair of gloves (worn)
 J - a +1 leather armour of positive energy
Magical Staves
 b - a staff of cold (weapon)
 c - a staff of air
Jewellery
 h - a ring of positive energy (left hand)
 o - an amulet of reflection (around neck)
 q - a +6 ring of intelligence (right hand)
 N - a ring of fire
 Q - an amulet of faith
Wands
 f - a wand of digging (6)
 t - a wand of light (13)
 H - a wand of iceblast (10)
 P - a wand of flame (19)
Scrolls
 m - 3 scrolls of revelation
 r - 10 scrolls of identify
 s - 7 scrolls of teleportation
 v - a scroll of fog
 w - 3 scrolls of fear
 y - 3 scrolls of blinking
 G - a scroll of acquirement
 K - a scroll of summoning
 M - a scroll of poison
Potions
 j - 2 potions of ambrosia
 k - 3 potions of brilliance
 A - 5 potions of curing
 F - a potion of heal wounds
 I - 3 potions of might
Miscellaneous
 x - a lightning rod (4/4)
 D - a phantom mirror


   Skills:
 * Level 9.3 Fighting
 * Level 4.6 Armour
 * Level 8.3 Dodging
 - Level 1.5 Stealth
 * Level 2.1 Shields
 * Level 13.7 Spellcasting
 * Level 13.7 Conjurations
 * Level 13.7 Hexes
 * Level 13.7 Summonings
 * Level 13.7 Necromancy
 * Level 13.7 Translocations
 * Level 13.7 Fire Magic
 * Level 13.7 Ice Magic
 * Level 13.7 Air Magic
 * Level 13.7 Earth Magic
 * Level 13.7 Alchemy
 * Level 9.0 Invocations


You knew the following spells:

 Your Spells              Type           Power      Damage    Failure   Level
a - Shock                 Conj/Air       100%       1d9       1%          1
b - Scorch                Fire           100%       2d9       1%          2
c - Mephitic Cloud        Conj/Alch/Air  75%        N/A       1%          3
d - Inner Flame           Hex/Fire       75%        N/A       1%          3
e - Vhi's Electric Charg  Tloc/Air       100%       N/A       1%          4
f - Volatile Blastmotes   Fire/Tloc      100%       2d18      1%          3
g - Dispel Undead         Necr           75%        3d25      1%          4
h - Iskenderun's Battles  Conj           75%        2d12      1%          5
i - Call Imp              Summ           100%       N/A       1%          2
w - Flame Wave            Conj/Fire      75%        2d17      1%          4
z - Foxfire               Conj/Fire      100%       2x1d9     1%          1
Your spell library was empty.

Dungeon Overview and Level Annotations

Branches:
Dungeon (9/15)             Temple (0/1) D:4            Lair (5/5) D:8
  Swamp (0/4) Lair:3        Snake (0/4) Lair:3        Slime (0/5) Lair:4
    Orc (0/2) D:9           Sewer (visited)

Altars:
Ashenzari
Dithmenos
Elyvilon
Fedhas
Hepliaklqana
Makhleb
Okawaru
Uskayaw
Wu Jian
Xom
Zin

Shops:
D:2 =   D:7 *   D:9 =


Innate Abilities, Weirdness & Mutations

You are immune to sickness and miasma.
You are immune to poison.
Your flesh is very heat resistant. (rF++)
You are vulnerable to cold. (rC-)
You float through the air rather than walking.
You learn spells naturally, not from books.
Your magical power is your life essence.
You have superior vitality. (+4 MHP)


Message History

Casting: Flame Wave (safe; 1% risk of failure)
Press: ? - help, Dir - look around, f - activate A wave of flame ripples out!
The flame wave engulfs the sea snake!
You kill the sea snake!
The flame wave engulfs the torpor snail!
The torpor snail is heavily wounded. (Press . to intensify the flame waves.)
* * * LOW HITPOINT WARNING * * *
You hear a roar!
An eight-headed hydra comes into view.
The snapping turtle bites you from afar.
* * * LOW HITPOINT WARNING * * *
The blink frog closely misses you. The torpor snail barely misses you.
A wave of flame ripples out!
The flame wave engulfs the blink frog!!
The blink frog is heavily wounded.
The flame wave engulfs the torpor snail!
The torpor snail is severely wounded.
The flame wave engulfs the snapping turtle!!
The snapping turtle is severely wounded.
* * * LOW HITPOINT WARNING * * *
The blink frog misses you.
The snapping turtle bites you from afar!!
Zin protects you from harm! The blink frog hits you.
* * * LOW HITPOINT WARNING * * *
The torpor snail bites you but does no damage.
A wave of flame ripples out!
The flame wave engulfs the blink frog!!
You kill the blink frog!
The flame wave engulfs the torpor snail!
The torpor snail is almost dead.
The flame wave engulfs the snapping turtle!
The snapping turtle is severely wounded.
* * * LOW HITPOINT WARNING * * *
You finish channelling waves of flame.
The snapping turtle barely misses you. The torpor snail bites you.
* * * LOW HITPOINT WARNING * * *
The snapping turtle bites you but does no damage.
Your Invocations skill increases to level 9!
The snapping turtle closely misses you. The torpor snail bites you.
You die...

...t.# .Y.Y ..#
#...###..#...
#S<...#(..# ##
.l..y§÷t#.<..# .##
~............# # ..#
~.........l...#.#.##
......#...P..###...#
~............##....###
F............Dtw@÷..P#
..##...........†÷÷..##
#......#..÷......# ...
##....##..# . #....##
..P. #.#....


PPP.. ###P... .P..# ####.. .#### You could see an eight-headed hydra, a snapping
turtle and a torpor snail.

Vanquished Creatures
  Nessos (Lair:4)
  3 hydras
  A boulder beetle (Lair:2)
  Amaemon (D:9)
  A sea snake (Lair:5)
  A lindwurm (Lair:4)
  A bog body (Lair:3)
  Pikel (D:8)
  3 elephants (Lair:4)
  A black mamba (Lair:4)
  An orange demon (D:9)
  Joseph (Lair:1)
  9 cane toads
  Psyche (D:8)
  2 rime drakes (Lair:2)
  Maggie (D:6)
  6 komodo dragons
  3 hornets
  Grinder (D:5)
  16 dream sheep
  8 blink frogs
  Sigmund (D:6)
  A slime creature (Lair:4)
  3 wyverns
  A wraith (D:8)
  44 yaks
  Eustachio (D:6)
  A basilisk (Lair:3)
  2 nagas (Lair:3)
  26 water moccasins
  4 orc warriors
  An ice beast (D:5)
  3 sky beasts
  3 black bears
  9 wolves
  4 ogres
  3 centaurs
  4 phantoms
  2 kobold brigands
  12 bullfrogs
  9 scorpions
  14 killer bees
  3 electric eels
  3 howler monkeys
  10 jellies
  6 hounds
  3 orc priests
  7 iguanas
  6 orc wizards
  10 gnolls
  30 adders
  A river rat (D:4)
  2 shadow imps
  A white imp (D:5)
  An ufetubus (D:6)
  3 worms (D:3)
  2 dart slugs
  23 orcs
  5 endoplasms
  14 giant cockroaches
  5 goblins
  4 hobgoblins
  19 kobolds
  A quokka (D:1)
  10 ball pythons
  5 bats
  9 frilled lizards
  6 rats
400 creatures vanquished.

Vanquished Creatures (collateral kills)
  6 foxfires
6 creatures vanquished.

Vanquished Creatures (others)
  797 foxfires
797 creatures vanquished.

Grand Total: 1203 creatures vanquished

Notes
Turn   | Place    | Note
-------+----------+-------------------------------------------
     0 | D:1      | Banquo the Djinni Fire Elementalist began the quest for the
                  | Orb.
     0 | D:1      | Banquo set off with the following spells memorised:
                  | Foxfire, Scorch, Kindle Blastsparks, Inner Flame, Flame
                  | Wave.
     0 | D:1      | Reached XP level 1. HP: 15/15 MP: 0/0
   193 | D:1      | Reached XP level 2. HP: 22/22 MP: 0/0
   762 | D:2      | Found a shimmering altar of Xom.
   871 | D:2      | Found Punequ's Jewellery Shoppe.
   979 | D:2      | Reached XP level 3. HP: 22/26 MP: 0/0
   979 | D:2      | Learned a level 1 spell: Shock
  1014 | D:2      | Reached skill level 1 in Fighting
  1023 | D:2      | Reached XP level 4. HP: 2/32 MP: 0/0
  1568 | D:3      | Noticed a black bear
  1575 | D:3      | Killed a black bear
  1576 | D:3      | Reached XP level 5. HP: 26/38 MP: 0/0
  1576 | D:3      | Learned a level 2 spell: Call Imp
  2294 | D:3      | Found a glowing silver altar of Zin.
  2297 | D:3      | Found a broken altar of Ashenzari.
  2329 | D:3      | Became a worshipper of Zin the Law-Giver
  2352 | D:3      | Reached XP level 6. HP: 37/43 MP: 0/0
  2409 | D:3      | Reached * piety under Zin
  2864 | D:4      | Found a burning altar of Makhleb.
  2875 | D:4      | Found a staircase to the Ecumenical Temple.
  2879 | D:4      | Reached skill level 1 in Invocations
  2958 | D:4      | Reached XP level 7. HP: 44/49 MP: 0/0
  2958 | D:4      | Learned a level 4 spell: Vhi's Electric Charge
  3002 | D:4      | Reached skill level 5 in Spellcasting
  3045 | D:4      | Found a glowing drain.
  3095 | Sewer    | Entered a sewer
  3489 | D:4      | Reached ** piety under Zin
  3512 | D:4      | Reached XP level 8. HP: 50/56 MP: 0/0
  3797 | D:5      | Entered Level 5 of the Dungeon
  4078 | D:5      | Noticed a yak
  4087 | D:5      | Killed a yak
  4187 | D:5      | Reached XP level 9. HP: 52/62 MP: 0/0
  4187 | D:5      | Learned a level 3 spell: Mephitic Cloud
  4231 | D:5      | Reached *** piety under Zin
  4530 | D:5      | Noticed Grinder
  4539 | D:5      | Killed Grinder
  4826 | D:6      | Noticed Eustachio
  4945 | D:6      | Found a hazy altar of Hepliaklqana.
  5068 | D:6      | Reached skill level 5 in Dodging
  5079 | D:6      | Noticed Maggie
  5088 | D:6      | Killed Maggie
  5089 | D:6      | Reached skill level 5 in Fighting
  5265 | D:6      | Reached XP level 10. HP: 64/70 MP: 0/0
  5411 | D:6      | Noticed Sigmund
  5414 | D:6      | Killed Sigmund
  5594 | D:6      | Killed Eustachio
  5750 | D:6      | Reached skill level 1 in Armour
  5801 | D:6      | Reached **** piety under Zin
  6318 | D:6      | Found a white marble altar of Elyvilon.
  6327 | D:6      | Found an iron altar of Okawaru.
  7003 | D:7      | Reached skill level 5 in Invocations
  7138 | D:7      | Found Wiatin's General Store.
  7267 | D:7      | Found a shadowy altar of Dithmenos.
  7711 | D:8      | Noticed Psyche
  7713 | D:8      | Noticed Pikel
  7717 | D:8      | Reached XP level 11. HP: 37/76 MP: 0/0
  7717 | D:8      | Learned a level 4 spell: Dispel Undead
  7719 | D:8      | Killed Psyche
  7720 | D:8      | Killed Pikel
  7936 | D:8      | Found a staircase to the Lair.
  8249 | D:8      | Found a hide-covered altar of Uskayaw.
  8641 | D:9      | Found a blossoming altar of Fedhas.
  8647 | D:9      | Identified a scroll of acquirement
  8794 | D:9      | Found Diecizoa's Jewellery Boutique.
  8977 | D:9      | Found a staircase to the Orcish Mines.
  9156 | D:9      | Reached skill level 10 in Spellcasting
  9541 | D:9      | Noticed Amaemon
  9572 | D:9      | Killed Amaemon
  9911 | Lair:1   | Entered Level 1 of the Lair of Beasts
 10335 | Lair:1   | Reached XP level 12. HP: 47/85 MP: 0/0
 10566 | Lair:1   | Noticed Joseph
 10582 | Lair:1   | Killed Joseph
 11735 | Lair:2   | Noticed a boulder beetle
 11745 | Lair:2   | Found a hide-covered altar of Uskayaw.
 11745 | Lair:2   | Found an ornate altar of the Wu Jian Council.
 11761 | Lair:2   | Killed a boulder beetle
 12120 | Lair:2   | Noticed an eight-headed hydra
 12130 | Lair:2   | Killed an eight-headed hydra
 13578 | Lair:3   | Found a shimmering altar of Xom.
 13635 | Lair:3   | Found a staircase to the Swamp.
 13796 | Lair:3   | Found a staircase to the Snake Pit.
 13806 | Lair:3   | Reached ***** piety under Zin
 14014 | Lair:3   | Reached XP level 13. HP: 88/92 MP: 0/0
 14014 | Lair:3   | Learned a level 5 spell: Iskenderun's Battlesphere
 15025 | Lair:4   | Noticed a five-headed hydra
 15039 | Lair:4   | Noticed Nessos
 15346 | Lair:4   | Killed Nessos
 15349 | Lair:4   | Killed a five-headed hydra
 16008 | Lair:4   | Noticed a six-headed hydra
 16025 | Lair:4   | Killed a six-headed hydra
 16379 | Lair:4   | Found a staircase to the Slime Pits.
 16651 | Lair:4   | Upgraded the game from 0.30-a0-639-g3916f1956a to
                  | 0.31-a0-1321-g5021b54cb2
 16887 | Lair:5   | Entered Level 5 of the Lair of Beasts
 16942 | Lair:5   | Reached skill level 1 in Shields
 17068 | Lair:5   | Reached XP level 14. HP: 90/101 MP: 0/0
 17321 | Lair:5   | Zin protects you from harm!
 17322 | Lair:5   | HP: 1/101 [torpor snail (6)]
 17323 | Lair:5   | Slain by a torpor snail

Illustrated notes

Levels and vault maps discovered:
D:1:      roderic_crossed_star, layout_basic
D:2:      layout_rooms, serial_shops, nicolae_square_shop, basic_altar,
          minmay_misc_feat_rugged
D:3:      layout_basic, grunt_temple_overflow_open, minmay_crystal_room
D:4:      kennysheep_spiral_hall, layout_cave_pools,
          mainiacjoe_overflow_cross_hatched, minmay_temple_entry_waves,
          portal_sewer_entry_e
D:5:      cheibrodos_fzero, layout_rooms, uniq_grinder
D:6:      layout_layer_cave, mainiacjoe_overflow_swirl,
          nicolae_hepliaklqana_hazy_memory, minmay_joined_circles, uniq_sigmund,
          uniq_eustachio, uniq_maggie
D:7:      layout_cave_pools, mainiacjoe_overflow_brackets, serial_shops,
          nicolae_shop_waterfront, st_stairs_4
D:8:      layout_basic, mainiacjoe_overflow_chevrons, minmay_lair_entry_grove,
          item_on_display_b, uniq_psyche, uniq_pikel
D:9:      layout_irregular_city, fedhas_altar_2, orc_0_dummy, serial_shops,
          shop, minmay_holes, uniq_amaemon
Lair:1:   layout_cave_pods, uniq_joseph
Lair:2:   layout_loops_ring, nzn_masters_of_martial_movement,
          serial_bayou_shore_a, grunt_megastairs_3
Lair:3:   lemuel_reptile_caves, layout_long_grid, skrybe_swamp_entry_bodies,
          guppyfry_snake_entry_island, basic_altar
Lair:4:   layout_loops_ring, minmay_slime_entry_pillars, uniq_nessos
Lair:5:   gammafunk_lair_ancient_temple, layout_misc_corridors

Skill      XL: |  1  2  3  4  5  6  7  8  9 10 11 12 13 14 |
---------------+-------------------------------------------+-----
Spellcasting   | 3 4 5 6 8 9 10 12 13 | 13.7
Fighting       | 1 2 3 4 5 6 7 8 9 |  9.3
Invocations    | 1 2 3 4 5 6 7 8 9 |  9.0
Dodging        | 3 4 5 6 7 8 |  8.3
Armour         | 3 4 |  4.6
Shields        | 1 2 |  2.1
Stealth        | |  1.5
Conjurations   | | 13.7
Hexes          | | 13.7
Summonings     | | 13.7
Necromancy     | | 13.7
Translocations | | 13.7
Fire Magic     | | 13.7
Ice Magic      | | 13.7
Air Magic      | | 13.7
Earth Magic    | | 13.7
Alchemy        | | 13.7

Action                     |  1- 3 |  4- 6 |  7- 9 | 10-12 | 13-15 || total
---------------------------+-------+-------+-------+-------+-------++-------
  Melee: Short sword       |       |       |       |     1 |       ||     1
   Cast: Foxfire           |    36 |    40 |   140 |   170 |    95 ||   481
         Scorch            |     3 |    18 |    64 |   143 |    59 ||   287
         Shock             |    15 |    42 |    24 |     5 |     1 ||    87
         Volatile Blastmot |       |       |     7 |    77 |    19 ||   103
         Flame Wave        |       |       |       |    12 |    18 ||    30
         Mephitic Cloud    |       |       |       |       |     1 ||     1
 Invoke: Recite            |       |       |       |     1 |       ||     1
    Use: Scroll            |       |       |       |    19 |     2 ||    21
 Armour: Robe              |       |     2 |     4 |       |       ||     6
         Acid dragon scale |       |       |       |    11 |    47 ||    58
  Dodge: Dodged            |       |     2 |     4 |    56 |    53 ||   115
  Block: Other             |       |       |     3 |    18 |    16 ||    37
         Reflection        |       |       |       |       |     2 ||     2

Table legend: (Time is in decaauts)
 A = Elapsed time spent in this place.
 B = Non-inter-level travel time spent in this place.
 C = Inter-level travel time spent in this place.
 D = Time resting spent in this place.
 E = Time spent auto-exploring this place.
 F = Levels seen in this place.
 G = Mean time per level.
                   A        B        C        D        E       F      G
               +--------+--------+--------+--------+--------+-----+--------+
         Total |  17355 |  15984 |   1371 |   2727 |  10498 |  15 | 1157.0 |
       Dungeon |   9810 |   9061 |    749 |   1275 |   6259 |   9 | 1090.0 |
          Lair |   7228 |   6607 |    621 |   1373 |   4210 |   5 | 1445.6 |
         Sewer |    315 |    315 |      0 |     79 |     29 |   1 |  315.0 |
               +--------+--------+--------+--------+--------+-----+--------+

Top non-repeatable levels by time:
     D:6: 2076 daAuts
  Lair:2: 2017 daAuts
  Lair:4: 1994 daAuts
  Lair:1: 1644 daAuts
  Lair:3: 1514 daAuts
     D:8: 1298 daAuts
     D:9: 1214 daAuts
     D:3: 1188 daAuts
     D:5: 1041 daAuts
     D:2: 850 daAuts
     D:4: 761 daAuts
     D:1: 724 daAuts
     D:7: 655 daAuts
   Sewer: 315 daAuts
  Lair:5: 58 daAuts
